 Dungeon Crawl Stone Soup version 0.32-a0-981-g384da2ce10 (webtiles) character file.

Game seed: 8723548931296076067

1609 Fodor the Poker (level 8, -2/62 (70) HPs)
             Began as a Minotaur Fighter on Apr 20, 2024.
             Was an Initiate of Gozag.
             Slain by a wight
             ... wielding a +2 spear
              (3 damage)
             ... on level 6 of the Dungeon.
             The game lasted 00:18:02 (6434 turns).

Fodor the Poker (Minotaur Fighter)                  Turns: 6434, Time: 00:18:03

HP:   -2/62 (70)    AC: 12    Str: 20    XL:     8   Next: 63%
MP:   0/7           EV:  8    Int:  7    God:    Gozag
Gold: 267           SH:  5    Dex: 14    Spells: 3/7 levels left

rFire   . . .        r - +5 Force Lance {heavy, knockback}
rCold   . . .        c - +0 buckler
rNeg    . . .        u - +0 chain mail
rPois   .            (helmet restricted)
rElec   .            (no cloak)
rCorr   .            p - +1 pair of gloves {Dex+3}
SInv    .            (no boots)
Will    .....        s - amulet of guardian spirit Stlth
                     (no ring)
HPRegen 0.30/turn    (no ring)
MPRegen 0.10/turn

%: guardian spirit
@: heavily drained
A: horns 2, retaliatory headbutt
a: Renounce Religion, Potion Petition, Call Merchant, Bribe Branch


You were on level 6 of the Dungeon.
You worshipped Gozag.
Gozag was aware of your devotion.
You visited 2 branches of the dungeon, and saw 7 of its levels.

You collected 373 gold pieces.
You paid 106 gold pieces to Gozag.

Inventory:

Hand Weapons
 a - a +0 war axe
 r - the +5 Force Lance (weapon) {heavy, knockback}
   (You found it on level 3 of the Dungeon)
Missiles
 B - 7 poisoned darts (quivered)
Armour
 c - a +0 buckler (worn)
 p - a +1 pair of gloves of dexterity (worn)
 u - a +0 chain mail (worn)
Jewellery
 s - an amulet of guardian spirit (around neck)
 t - a ring of protection from fire
Wands
 b - a wand of quicksilver (21)
 D - a wand of flame (19)
Scrolls
 f - 2 scrolls of teleportation {unknown}
 g - 3 scrolls of enchant weapon {unknown}
 h - a scroll of immolation {unknown}
 i - a scroll of silence {unknown}
 j - a scroll of enchant armour {unknown}
 m - 2 scrolls of noise {unknown}
 n - 2 scrolls of identify {unknown}
 v - a scroll of vulnerability {unknown}
 w - a scroll of revelation {unknown}
 y - a scroll of brand weapon {unknown}
 C - a scroll of fog {unknown}
Potions
 d - 5 potions of might
 e - 4 potions of lignification {unknown}
 k - 2 potions of curing {unknown}
 l - 2 potions of heal wounds {unknown}
 o - a potion of ambrosia {unknown}
 q - a potion of invisibility {unknown}
 x - 2 potions of mutation {unknown}
 z - a potion of cancellation {unknown}
 A - a potion of degeneration {unknown}


   Skills:
 + Level 5.8 Fighting
 + Level 6.0(7.6) Axes
 + Level 7.1(8.2) Polearms
 + Level 1.8 Throwing
 + Level 7.0 Armour
 + Level 2.2 Dodging
 + Level 1.0 Stealth
 + Level 5.0 Shields


You had 3 spell levels left.
You knew the following spells:

 Your Spells              Type           Power      Damage    Failure   Level
a - Slow                  Hex            0%         N/A       98%         1
b - Jinxbite              Hex            0%         N/A       99%         2
c - Summon Small Mammal   Summ           0%         N/A       98%         1

Your spell library contained the following spells:

 Spells                   Type           Power      Damage    Failure   Level
 Call Canine Familiar     Summ           0%         N/A       100%        3
 Confusing Touch          Hex            0%         N/A       100%        3
 Vampiric Draining        Necr           0%         2d6       100%        3
 Summon Blazeheart Golem  Fire/Summ      0%         N/A       100%        4
 Yara's Violent Unravell  Hex/Alch       0%         3d3       100%        5
 Enfeeble                 Hex            0%         N/A       100%        7


Dungeon Overview and Level Annotations

Branches:
Dungeon (6/15)             Temple (1/1) D:4

Altars:
Cheibriados
Dithmenos
Fedhas
Gozag
Hepliaklqana
Kikubaaqudgha
Nemelex Xobeh
Okawaru
Qazlal
Ru
Sif Muna
Trog
Wu Jian
Xom


Innate Abilities, Weirdness & Mutations

You have a pair of horns on your head.
You reflexively headbutt those who attack you in melee.


Message History

You open the door.
The wight hits you but does no damage. x2
The wight barely misses you. The wight attacks as it pursues you!
The wight hits you but does no damage.
There is an open door here.
The wight attacks as it pursues you! The wight hits you but does no damage.
You puncture the wight! Your headbutt misses the wight.
The wight is almost destroyed.
The wight hits you from afar with a +3 halberd of freezing.
You feel drained. The wight freezes you.
The wight hits you from afar with a +2 spear.
You feel drained.
The wight hits you with a +0 long sword.
The wight hits you with a +3 halberd of freezing.
The wight freezes you. The wight closely misses you.
There is an open door here.
You barely miss the wight. The wight hits you but does no damage.
The wight hits you with a +3 halberd of freezing.
You feel drained. The wight freezes you. You block the wight's attack.
The wight hits you but does no damage.
You closely miss the wight. You block the wight's attack.
The wight barely misses you.
The wight hits you with a +3 halberd of freezing!
You feel drained. The wight freezes you. The wight closely misses you.
The wight hits you but does no damage.
You hit the wight.
The wight is moderately damaged.
The wight hits you but does no damage. The wight barely misses you.
The wight hits you with a +2 spear.
You feel drained.
The wight hits you with a +0 short sword of speed.
You feel drained.
You hit the wight. You headbutt the wight.
The wight is severely damaged.
You block the wight's attack. The wight hits you but does no damage.
The wight hits you with a +3 halberd of freezing!
* * * LOW HITPOINT WARNING * * *
The wight freezes you!
* * * LOW HITPOINT WARNING * * *
The wight hits you with a +2 spear.
You die...
Your body crumbles into a pile of gold.

#######....####'#.....#.....#####
....#......+....#.....#......#...
....'......#....#....))......#...
....#......#....#.....#......#...
....#......##...#.....#.....##...
....#......##...#.....#.....##...
...##......##...#.....#..........
...##......##...#z....#..........
................@zz...#..........
...............z#z....###########
................#.............
................#.............
................#......?...... .
...........####'######..[..... .
...#########.....#...#........
...#.............#...#...$....
...#.............'...#.......#


You could see 5 wights.

Vanquished Creatures
  Grinder (D:5)
  Eustachio (D:5)
  A water moccasin (D:5)
  An ice beast (D:6)
  A sky beast (D:6)
  2 ogres (D:4)
  2 black bears
  A scorpion (D:5)
  A hound (D:5)
  Crazy Yiuf (D:3)
  2 bombardier beetles
  2 iguanas
  Jessica (D:2)
  Ijyb (D:5)
  2 orc wizards (D:6)
  Natasha (thrice) (D:2)
  6 adders
  8 gnolls
  A shadow imp (D:5)
  2 white imps (D:5)
  5 dart slugs
  4 ribbon worms
  15 orcs
  6 ball pythons
  6 endoplasms
  6 giant cockroaches
  6 goblins
  9 hobgoblins
  2 jackals (D:2)
  3 kobolds
  6 quokkas
  6 bats
  5 frilled lizards
  3 rats
122 creatures vanquished.

Vanquished Creatures (others)
  A white imp (D:5)
1 creature vanquished.

Grand Total: 123 creatures vanquished

Notes
Turn   | Place    | Note
-------+----------+-------------------------------------------
     0 | D:1      | Fodor the Minotaur Fighter began the quest for the Orb.
     0 | D:1      | Reached XP level 1. HP: 19/19 MP: 0/0
   174 | D:1      | Reached XP level 2. HP: 20/27 MP: 1/1
   975 | D:2      | Noticed Jessica
   978 | D:2      | Killed Jessica
   979 | D:2      | Reached XP level 3. HP: 19/33 MP: 2/2
  1255 | D:2      | Reached XP level 4. HP: 31/40 MP: 3/3
  1434 | D:2      | Noticed Natasha
  1440 | D:2      | Killed Natasha
  1441 | D:2      | Reached skill level 1 in Dodging
  1560 | D:2      | Found a hazy altar of Hepliaklqana.
  1837 | D:2      | Noticed Natasha
  1843 | D:2      | Killed Natasha
  1844 | D:2      | Reached XP level 5. HP: 43/47 MP: 4/4
  1969 | D:2      | Noticed Natasha
  1976 | D:2      | Killed Natasha
  2142 | D:3      | Found a runed translucent door.
  2143 | D:3      | Noticed Crazy Yiuf
  2386 | D:3      | Found a faded altar of an unknown god.
  2485 | D:3      | Reached skill level 5 in Armour
  2573 | D:3      | Found the +5 Force Lance {heavy, knockback}
  2895 | D:3      | Killed Crazy Yiuf
  2896 | D:3      | Reached skill level 5 in Axes
  2896 | D:3      | Reached XP level 6. HP: 50/53 MP: 5/5
  3003 | D:4      | Found a staircase to the Ecumenical Temple.
  3020 | Temple   | Entered the Ecumenical Temple
  3244 | D:4      | Reached skill level 1 in Polearms
  3494 | D:4      | Reached skill level 5 in Fighting
  3494 | D:4      | Reached XP level 7. HP: 8/61 MP: 1/6
  4550 | D:5      | Entered Level 5 of the Dungeon
  4913 | D:5      | Noticed Eustachio
  4928 | D:5      | Killed Eustachio
  4929 | D:5      | Reached XP level 8. HP: 66/69 MP: 7/7
  4949 | D:5      | Reached skill level 5 in Polearms
  5283 | D:5      | Noticed Grinder
  5295 | D:5      | Killed Grinder
  5296 | D:5      | Reached skill level 1 in Stealth
  5383 | D:5      | Reached skill level 1 in Throwing
  5553 | D:5      | Noticed Ijyb
  5564 | D:5      | Killed Ijyb
  5926 | D:6      | Learned a level 1 spell: Slow
  5929 | D:6      | Learned a level 2 spell: Jinxbite
  5931 | D:6      | Learned a level 1 spell: Summon Small Mammal
  6100 | D:6      | Reached skill level 5 in Shields
  6125 | D:6      | Found a bloodstained altar of Trog.
  6125 | D:6      | Found a snail-covered altar of Cheibriados.
  6126 | D:6      | Found an opulent altar of Gozag.
  6132 | D:6      | Became a worshipper of Gozag Ym Sagoz the Greedy
  6278 | D:6      | Found a shimmering blue altar of Sif Muna.
  6434 | D:6      | HP: 1/62 [wight/+3 halberd of freezing (6)]
  6434 | D:6      | Slain by a wight

Illustrated notes

Levels and vault maps discovered:
D:1:      eino_arrival_water_cross, layout_basic
D:2:      layout_loops_corners, basic_altar, corexii_corridor_pit,
          minmay_pentomino_r4, uniq_natasha, uniq_jessica
D:3:      layout_basic, hellmonk_ecumenical_altar_pennies_from_heaven,
          uniq_crazy_yiuf_cottage
D:4:      layout_basic, minmay_temple_entry_mist, serial_aquarium,
          aquarium_bridge_square [aquarium_subvault_wall,
          aquarium_subvault_bridge, aquarium_subvault_balcony,
          aquarium_subvault_bridge], aquarium_bridge_square
          [aquarium_subvault_bridge, aquarium_subvault_bridge,
          aquarium_subvault_wall, aquarium_subvault_balcony],
          aquarium_window_corner, aquarium_window_fake, aquarium_window_1,
          aquarium_view_2g
D:5:      layout_loops_ring, serial_bayou, serial_bayou_shore_a,
          serial_bayou_shore_b, serial_bayou_ford_a, serial_bayou_lake_a,
          kennysheep_generic_room_10, uniq_eustachio, uniq_ijyb, uniq_grinder
D:6:      layout_gridville, overflow_temple_1_default,
          gammafunk_temple_overflow_claw
Temple:   hellmonk_temple_rainy

Skill      XL: |  1  2  3  4  5  6  7  8 |
---------------+-------------------------+-----
Fighting       | 4 5 |  5.8
Armour         | 4 5 6 7 |  7.0
Shields        | 4 5 |  5.0
Axes           | 3 4 5 6 |  6.0
Dodging        | 1 2 |  2.2
Polearms       | 1 4 7 |  7.1
Stealth        | 1 |  1.0
Throwing       | 1 |  1.8

Action                     |  1- 3 |  4- 6 |  7- 9 || total
---------------------------+-------+-------+-------++-------
  Melee: War axe           |    65 |    64 |       ||   129
         Headbutt          |     5 |    13 |     6 ||    24
         Lance             |       |    28 |   108 ||   136
  Throw: Dart              |       |       |    15 ||    15
 Armour: Scale mail        |    50 |    55 |       ||   105
         Chain mail        |       |    13 |    96 ||   109
  Dodge: Dodged            |    38 |    48 |    35 ||   121
  Block: Buckler           |    10 |    18 |    27 ||    55

Table legend: (Time is in decaauts)
 A = Elapsed time spent in this place.
 B = Non-inter-level travel time spent in this place.
 C = Inter-level travel time spent in this place.
 D = Time resting spent in this place.
 E = Time spent auto-exploring this place.
 F = Levels seen in this place.
 G = Mean time per level.
                   A        B        C        D        E       F      G
               +--------+--------+--------+--------+--------+-----+--------+
         Total |   6623 |   6385 |    238 |    456 |   4288 |   7 |  946.1 |
       Dungeon |   6604 |   6366 |    238 |    456 |   4288 |   6 | 1100.7 |
        Temple |     19 |     19 |      0 |      0 |      0 |   1 |   19.0 |
               +--------+--------+--------+--------+--------+-----+--------+

Top non-repeatable levels by time:
     D:4: 1552 daAuts
     D:5: 1338 daAuts
     D:2: 1276 daAuts
     D:3: 998 daAuts
     D:1: 802 daAuts
     D:6: 635 daAuts
  Temple: 19 daAuts
